 Dungeon Crawl Stone Soup version 0.30-a0-6-g7c9e10e132 (webtiles) character file.

Game seed: 5661590808773877084

511 Setbun the Magician (level 7, -10/45 HPs)
             Began as a Djinni Hedge Wizard on Aug 22, 2022.
             Mangled by Duvessa
             ... wielding a +0 rapier
              (14 damage)
             ... on level 4 of the Dungeon.
             The game lasted 00:06:13 (3815 turns).

Setbun the Magician (Djinni Hedge Wizard)           Turns: 3815, Time: 00:06:13

Health: -10/45     AC:  3    Str:  9    XL:     7   Next: 43%
Gold:   135        EV: 12    Int: 17    God:
                   SH:  0    Dex: 13

rFire   + + .      SeeInvis .    a - +0 dagger
rCold   x . .      Faith    .    (no shield)
rNeg    . . .      Spirit   .    b - +0 robe
rPois   ∞          Reflect  .    c - +0 hat
rElec   .          Harm     .    t - +0 cloak
rCorr   .          Rampage  .    (no gloves)
Will    .....                    (boots unavailable)
Stlth   ++........               (no amulet)
HPRegen 0.15/turn                (no ring)
MPRegen 0.00/turn                (no ring)

@: flying
A: sickness immunity, fire resistance 2, cold vulnerability 1, float, innate
caster, HP casting, extra vitality 1
a: no special abilities


You were on level 4 of the Dungeon.
You visited 1 branch of the dungeon, and saw 4 of its levels.

You collected 135 gold pieces.

Inventory:

Hand Weapons
 a - a +0 dagger (weapon)
 s - a +2 quarterstaff of chaos
Armour
 b - a +0 robe (worn)
 c - a +0 hat (worn)
 t - a +0 cloak (worn)
 u - a +0 pair of gloves
Wands
 n - a wand of roots (13)
Scrolls
 d - a scroll of poison {unknown}
 f - 4 scrolls of butterflies {unknown}
 h - 4 scrolls of identify {unknown}
 k - a scroll of torment {unknown}
 q - a scroll of enchant armour {unknown}
 r - a scroll of enchant weapon {unknown}
 v - a scroll of noise {unknown}
Potions
 e - a potion of brilliance {unknown}
 g - 2 potions of cancellation {unknown}
 i - 2 potions of flight {unknown}
 j - a potion of resistance {unknown}
 l - 3 potions of attraction {unknown}
 m - a potion of degeneration {unknown}
 o - 3 potions of curing {unknown}
 p - a potion of mutation {unknown}


   Skills:
 + Level 2.8 Dodging
 - Level 1.5 Stealth
 * Level 6.0 Spellcasting


You couldn't memorise any spells.
You knew the following spells:

 Your Spells              Type           Power      Damage    Failure   Level
a - Magic Dart            Conj           100%       1d8       1%          1
b - Blink                 Tloc           50%        N/A       1%          2
c - Call Imp              Summ           25%        N/A       1%          2
d - Slow                  Hex            100%       N/A       1%          1
e - Conjure Flame         Conj/Fire      25%        6-21      3%          3
f - Mephitic Cloud        Conj/Pois/Air  25%        N/A       3%          3
g - Sandblast             Erth           50%        2d12      1%          1
h - Poisonous Vapours     Pois/Air       50%        N/A       1%          2
i - Lesser Beckoning      Tloc           25%        N/A       3%          3
Your spell library was empty.

Dungeon Overview and Level Annotations

Branches:
Dungeon (4/15)
 Temple: D:4-7

Altars:
Makhleb

Shops:
D:1 !

Annotations:
D:4 Duvessa


Innate Abilities, Weirdness & Mutations

You are immune to sickness and miasma.
You are immune to poison.
Your flesh is very heat resistant. (rF++)
You are vulnerable to cold. (rC-)
You float through the air rather than walking.
You learn spells naturally, not from books.
Your magical power is your life essence.
You have superior vitality. (+4 MHP)


Message History

Duvessa goes berserk!
Your Spellcasting skill increases to level 6!
Casting: Poisonous Vapours (safe; 1% risk of failure)
Confirm with . or Enter, or press ? or * to list all spells.
Aiming: Sandblast (safe; 1% risk of failure)
Press: ? - help, Shift-Dir - straight line, f/p - Duvessa
Aim: Duvessa, wielding a +0 rapier and wearing a +0 leather armour (berserk, confused, very poisoned, ally target, 96% to hit)
Really fire in your white imp's direction?
Okay, then.
Really fire in your white imp's direction? [Y]es or [N]o only, please.
Really fire in your white imp's direction?
Okay, then.
Your white imp gestures at Duvessa.
The puff of frost hits Duvessa!
Really fire in your white imp's direction?
Okay, then.
Your white imp hits Duvessa.
Your white imp freezes Duvessa.
Really fire in your white imp's direction?
Okay, then.
Really fire in your white imp's direction?
The blast of sand hits your white imp!
Your white imp is almost dead.
Your white imp disappears in a puff of smoke!
Duvessa shouts!
The blast of sand hits Duvessa.
Duvessa is moderately wounded.
The blast of sand hits Duvessa!
Duvessa is heavily wounded.
Duvessa rages.
Duvessa hits herself with a +0 rapier!
The blast of sand hits Duvessa!
Duvessa is severely wounded.
Duvessa seems less confused.
The blast of sand hits Duvessa!
Duvessa is almost dead.
Duvessa hits you with a +0 rapier!!
* * * LOW HITPOINT WARNING * * *
Duvessa hits you with a +0 rapier!
You die...

...##
.........#
####
########.#
.# #.#
..... #.#
...... #<#
...... #.#
...... #.#
......
###.#
##..##
#.@.# ...
#.e)#
.......#
.........#
..........#
.#####..>.#
#.....
#......


You could see Duvessa (berserk, poisoned).

Vanquished Creatures
  Sigmund (D:2)
  Dowan (D:4)
  A hound (D:4)
  Crazy Yiuf (D:3)
  Jessica (D:2)
  Natasha (thrice) (D:2)
  An orc wizard (D:4)
  3 gnolls (D:4)
  2 adders (D:2)
  3 dart slugs
  3 orcs (D:4)
  3 ball pythons
  4 bats
  8 endoplasms
  5 giant cockroaches
  5 goblins
  8 hobgoblins
  4 jackals (D:3)
  5 quokkas
  5 frilled lizards
  7 kobolds
  6 rats
80 creatures vanquished.

Vanquished Creatures (others)
  2 fungi (D:3)
2 creatures vanquished.

Grand Total: 82 creatures vanquished

Notes
Turn   | Place    | Note
-------+----------+-------------------------------------------
     0 | D:1      | Setbun the Djinni Hedge Wizard began the quest for the Orb.
     0 | D:1      | Setbun set off with the following spells memorised: Magic
                  | Dart, Blink, Call Imp, Slow, Conjure Flame, Mephitic Cloud.
     0 | D:1      | Reached XP level 1. HP: 15/15 MP: 0/0
   222 | D:1      | Reached XP level 2. HP: 16/21 MP: 0/0
   602 | D:1      | Reached skill level 3 in Spellcasting
   832 | D:1      | Reached XP level 3. HP: 23/25 MP: 0/0
   832 | D:1      | Learned a level 1 spell: Sandblast
  1220 | D:1      | Found Maurph's Distillery.
  1461 | D:2      | Noticed Sigmund
  1470 | D:2      | Killed Sigmund
  1471 | D:2      | Reached skill level 4 in Spellcasting
  1471 | D:2      | Reached XP level 4. HP: 16/31 MP: 0/0
  1471 | D:2      | Reached XP level 5. HP: 18/35 MP: 0/0
  1471 | D:2      | Learned a level 2 spell: Poisonous Vapours
  1655 | D:2      | Reached XP level 6. HP: 36/40 MP: 0/0
  1881 | D:2      | Noticed Natasha
  1886 | D:2      | Killed Natasha
  1980 | D:2      | Noticed Jessica
  1988 | D:2      | Killed Jessica
  1989 | D:2      | Reached skill level 5 in Spellcasting
  2006 | D:2      | Noticed Natasha
  2012 | D:2      | Killed Natasha
  2437 | D:2      | Noticed Natasha
  2440 | D:2      | Killed Natasha
  2665 | D:3      | Found a runed translucent door.
  2666 | D:3      | Noticed Crazy Yiuf
  3044 | D:3      | Found a faded altar of an unknown god.
  3195 | D:3      | Killed Crazy Yiuf
  3196 | D:3      | Reached XP level 7. HP: 18/45 MP: 0/0
  3196 | D:3      | Learned a level 3 spell: Lesser Beckoning
  3412 | D:4      | Found a burning altar of Makhleb.
  3419 | D:4      | Identified the +9 whip "Jyvuckaj" {venom, Contam rC+++
                  | Int+5}
  3792 | D:4      | Noticed Dowan
  3801 | D:4      | Noticed Duvessa
  3806 | D:4      | Killed Dowan
  3807 | D:4      | Reached skill level 6 in Spellcasting
  3815 | D:4      | Mangled by Duvessa

Illustrated notes

Levels and vault maps discovered:
D:1:      scummos_arrival_forest, layout_basic, serial_shops,
          nicolae_shop_behind_doors
D:2:      layout_loops_ring, uniq_natasha, uniq_sigmund, uniq_jessica
D:3:      layout_basic, hellmonk_ecumenical_altar_run_dry, minmay_surrounded,
          uniq_crazy_yiuf_cottage
D:4:      layout_rooms, lemuel_round_altar, bloody_makhleb,
          chequers_serial_rivers_micro_c, uniq_duvessa

Skill      XL: |  1  2  3  4  5  6  7 |
---------------+----------------------+-----
Spellcasting   | 3 4 5 6 |  6.0
Dodging        | |  2.8
Stealth        | |  1.5

Action                   |  1- 3 |  4- 6 |  7- 9 || total
-------------------------+-------+-------+-------++-------
 Cast: Magic Dart        |    72 |    38 |     1 ||   111
       Sandblast         |       |    35 |    29 ||    64
       Mephitic Cloud    |       |     1 |     3 ||     4
       Call Imp          |       |     1 |     1 ||     2
       Blink             |       |     1 |       ||     1
       Conjure Flame     |       |       |     2 ||     2
       Poisonous Vapours |       |       |     2 ||     2
       Slow              |       |       |     1 ||     1
Armor: Robe              |     2 |     4 |     2 ||     8
Dodge: Dodged            |     5 |     4 |     5 ||    14

Table legend: (Time is in decaauts)
 A = Elapsed time spent in this place.
 B = Non-inter-level travel time spent in this place.
 C = Inter-level travel time spent in this place.
 D = Time resting spent in this place.
 E = Time spent auto-exploring this place.
 F = Levels seen in this place.
 G = Mean time per level.
                   A        B        C        D        E       F      G
               +--------+--------+--------+--------+--------+-----+--------+
         Total |   3846 |   3761 |     85 |    503 |   2859 |   4 |  961.5 |
       Dungeon |   3846 |   3761 |     85 |    503 |   2859 |   4 |  961.5 |
               +--------+--------+--------+--------+--------+-----+--------+

Top non-repeatable levels by time:
     D:2: 1293 daAuts
     D:1: 1278 daAuts
     D:3: 839 daAuts
     D:4: 434 daAuts
